 Dungeon Crawl Stone Soup version 0.29-a0-909-g30c7767f5c (webtiles) character file.

Game seed: 6583032783280206992

10773 EnegeticOcto the Transmogrifier (level 11, -13/86 HPs)
             Began as a Vampire Air Elementalist on July 25, 2022.
             Was a Believer of Qazlal.
             Killed from afar by a merfolk aquamancer (38 damage)
             ... with a shard of ice
             ... summoned by a worldbinder
             ... in a Gauntlet.
             The game lasted 00:26:25 (12946 turns).

EnegeticOcto the Transmogrifier (VpAE)             Turns: 12946, Time: 00:26:25

Health: -13/86     AC:  7    Str: 12    XL:     11   Next: 40%
Magic:  23/29      EV: 16    Int: 21    God:    Qazlal [**....]
Gold:   213        SH:  8    Dex: 16    Spells: 7/22 levels left

rFire   . . .      SeeInvis +   H - staff of conjuration
rCold   + . .      Faith    .   A - +0 buckler
rNeg    . . .      Spirit   .   B - +1 robe {Will+}
rPois   .          Reflect  .   (no helmet)
rElec   .          Harm     .   F - +0 cloak
rCorr   .          Rampage  .   z - +1 pair of gloves
Will    ++...      NoTele   +   m - +0 pair of boots
Stlth   ++........              (no amulet)
HPRegen 0.44/turn               p - ring of magical power
MPRegen 0.21/turn               a - ring of Veotac {rC+ EV+4 Str+5}

@: healing quickly
A: alive, fangs 3, see invisible, vampiric 2
a: Exsanguinate, Renounce Religion, Upheaval


You were in a Gauntlet.
You worshipped Qazlal.
Qazlal was pleased with you.
You visited 3 branches of the dungeon, and saw 12 of its levels.
You also visited: Gauntlet.

You collected 670 gold pieces.
You spent 457 gold pieces at shops.

Inventory:

Hand Weapons
 l - a +1 whip of venom
   (You took it off a kobold on level 2 of the Dungeon)
 v - a +2 dagger of draining
   (You took it off an orc wizard on level 4 of the Dungeon)
 C - a +2 mace of protection
   (You took it off an orc on level 4 of the Dungeon)
Missiles
 c - 18 poisoned darts
Armour
 d - a +3 leather armour of willpower
   (You found it on level 1 of the Dungeon)
 m - a +0 pair of boots (worn)
   (You found it on level 2 of the Dungeon)
 z - a +1 pair of gloves (worn)
   (You found it on level 4 of the Dungeon)
 A - a +0 buckler (worn)
   (You found it on level 4 of the Dungeon)
 B - a +1 robe of willpower (worn)
   (You took it off an orc wizard on level 4 of the Dungeon)
 F - a +0 cloak (worn)
   (You took it off Crazy Yiuf on level 5 of the Dungeon)
Magical Staves
 H - a staff of conjuration (weapon)
   (You found it on level 6 of the Dungeon)
Jewellery
 a - the ring of Veotac (right hand) {rC+ EV+4 Str+5}
   (You found it on level 9 of the Dungeon)

   [ring of evasion]

   EV:        It affects your evasion (+4).
   Str:       It affects your strength (+5).
   rC:        It protects you from cold.
 p - a ring of magical power (left hand)
   (You bought it in a shop on level 2 of the Dungeon)
 Q - a ring of flight
   (You found it on level 9 of the Dungeon)
Wands
 e - a wand of charming (3)
   (You found it on level 9 of the Dungeon)
 D - a wand of flame (17) {@v4}
   (You found it on level 5 of the Dungeon)
 G - a wand of quicksilver (9)
   (You found it on level 5 of the Dungeon)
 R - a wand of mindburst (5)
   (You found it in a Gauntlet)
Scrolls
 f - 2 scrolls of summoning
 g - 2 scrolls of silence
 n - 3 scrolls of torment
 q - a scroll of butterflies
 r - 3 scrolls of teleportation {@r3 !r}
 s - 3 scrolls of noise
 u - 2 scrolls of poison
 y - 3 scrolls of enchant weapon
 E - a scroll of magic mapping {@r5 !r}
 K - 2 scrolls of blinking {unknown}
 N - a scroll of vulnerability {unknown}
Potions
 b - 2 potions of magic
 i - 2 potions of curing {@q1 !q}
 j - 2 potions of invisibility
 k - 2 potions of might {@q3 !q}
 o - 3 potions of cancellation {unknown}
 t - 4 potions of haste {@q4 !q}
 w - a potion of resistance {unknown}
 x - 4 potions of brilliance
 I - 3 potions of lignification {unknown}
 J - a potion of degeneration {unknown}
 L - 3 potions of flight
 M - 3 potions of heal wounds {unknown}
 O - a potion of berserk rage {unknown}
 P - a potion of ambrosia {unknown}


   Skills:
 - Level 8.0 Fighting
 - Level 2.1 Dodging
 - Level 3.0 Stealth
 - Level 5.0 Shields
 - Level 6.0 Spellcasting
 - Level 5.0 Conjurations
 - Level 10.0 Transmutations
 - Level 8.0 Air Magic
 + Level 1.7 Invocations


You had 7 spell levels left.
You knew the following spells:

 Your Spells              Type           Power      Damage    Failure   Level
a - Airstrike             Air            19%        0-7+      4%          4
b - Static Discharge      Conj/Air       50%        3-10/arc  1%          2
c - Shock                 Conj/Air       100%       1d9       1%          1
d - Irradiate             Conj/Tmut      27%        3d20      16%         5
V - Swiftness             Air            39%        N/A       1%          3

Your spell library contained the following spells:

 Spells                   Type           Power      Damage    Failure   Level
 Blade Hands              Tmut           24%        N/A       5%          5
 Dazzling Flash           Conj/Hex       50%        N/A       13%         3
 Petrify                  Tmut/Erth      27%        N/A       16%         4
 Sublimation of Blood     Necr           6%         N/A       19%         2
 Gell's Gravitas          Tloc           6%         N/A       36%         3
 Portal Projectile        Hex/Tloc       12%        N/A       36%         3
 Teleport Other           Tloc           6%         N/A       36%         3
 Tukima's Dance           Hex            6%         N/A       36%         3
 Silence                  Hex/Air        11%        N/A       54%         5
 Dragon Form              Tmut           24%        N/A       86%         7
 Agony                    Necr           6%         N/A       98%         5
 Dispersal                Tloc           3%         N/A       100%        6


Dungeon Overview and Level Annotations

Branches:
Dungeon (10/15) Zot: 25649  Temple (1/1) D:6 Zot: 5944    Lair (1/5) D:8 Zot: 5946
    Orc (0/2) D:10        Gauntlet (1/1) Zot: 5528

Altars:
Ashenzari
Cheibriados
Dithmenos
Fedhas
Gozag
Hepliaklqana
Kikubaaqudgha
Makhleb
Nemelex Xobeh
Okawaru
Qazlal
Ru
Sif Muna
Trog
Uskayaw
Vehumet
Wu Jian
Xom
Yredelemnul

Shops:
D:2 *   D:5 :   D:8 *

Annotations:
D:8 1 runed translucent door, exclusion: ice statue, Destapler's ghost, novice DrCj
D:9 3 runed translucent doors, exclusion: 3 doors, astraldaughter's ghost, novice DrWn Gauntlet 7 transporters, exclusion: oklob plant


Innate Abilities, Weirdness & Mutations

Your natural rate of healing is accelerated.
You have razor-sharp teeth.
You have supernaturally acute eyesight. (SInv)
You are afflicted with vampirism and can become a bat while bloodless.


Message History

The spectral cane toad is struck by lightning.
The spectral cane toad closely misses you.
The spectral cane toad is struck by lightning.
The spectral cane toad hits you but does no damage.
Casting: Static Discharge (safe; 1% risk of failure)
Confirm with . or Enter, or press ? or * to list all spells.
You feel a surge of power!
The spectral cane toad is struck by an arc of lightning.
You destroy the spectral cane toad!
Qazlal accepts your kill.
You are struck by an arc of lightning.
Your Invocations skill increases to level 1!
You feel yourself speed up.
Magic restored.
HP restored.
There is a transporter landing site, spattered with blood here.
R - a wand of mindburst (5)
There is a transporter here.
You enter the transporter and appear at another place.
There is a transporter here.
The boggart shouts!
You hear a shout!
You enter the transporter and appear at another place.
The worldbinder calls forth creatures from the Shoals!
Aiming: Quicksilver Bolt
Press: ? - help, Shift-Dir - straight line, f - boggart
Aim: a boggart (64% to hit)
The bolt of dispelling energy misses the boggart.
The bolt of dispelling energy hits the snapping turtle!
The snapping turtle is lightly wounded.
The bolt of dispelling energy hits the worldbinder.
The worldbinder is lightly damaged.
The bolt of dispelling energy hits the boggart!!
The boggart is severely wounded.
The boggart closely misses you.
Aiming: Quicksilver Bolt
Press: ? - help, Shift-Dir - straight line, p - boggart The bolt of dispelling energy hits the boggart!!
You kill the boggart!
Qazlal accepts your kill.
The bolt of dispelling energy hits the worldbinder!
The worldbinder is moderately damaged.
You block the snapping turtle's attack.
The worldbinder hits you but does no damage.
The worldbinder completely misses you.
The merfolk aquamancer hits you with a +0 rapier.
Casting: Static Discharge (safe; 1% risk of failure)
Confirm with . or Enter, or press ? or * to list all spells.
You feel a surge of power!
The merfolk aquamancer is struck by an arc of lightning.
The merfolk aquamancer is lightly wounded.
You are struck by an arc of lightning.
The lightning grounds out.
The snapping turtle barely misses you. The worldbinder hits you.
The worldbinder hits you but does no damage.
The merfolk aquamancer gestures at you while chanting.
The shard of ice hits you!!! You partially resist.
Really read
h - a scroll of fear {!r}?
As you read the scroll of fear {!r}, it crumbles to dust.
You assume a fearsome visage.
The manticore looks frightened!
The snapping turtle looks frightened!
The merfolk aquamancer looks frightened!
The boggart looks frightened!
The worldbinder is unaffected.
The boggart casts a spell.
The boggart blinks!
The worldbinder hits you.
The worldbinder hits you but does no damage.
The merfolk aquamancer gestures wildly while chanting.
The merfolk aquamancer blinks!
The boggart mumbles some strange words.
The boggart flickers and vanishes for a moment.
Casting: Static Discharge (safe; 1% risk of failure)
Confirm with . or Enter, or press ? or * to list all spells.
You feel a surge of power!
The boggart is struck by an arc of lightning!
You kill the boggart!
Qazlal accepts your kill.
You are struck by an arc of lightning.
The worldbinder is struck by an arc of lightning.
The worldbinder is moderately damaged.
The merfolk aquamancer is struck by an arc of lightning!
Your attack snaps the merfolk aquamancer out of its fear.
The merfolk aquamancer is lightly wounded.
The worldbinder is struck by an arc of lightning!
The worldbinder is heavily damaged.
The lightning grounds out.
The worldbinder hits you. x2
You block the worldbinder's attack. The worldbinder barely misses you.
Casting: Static Discharge (safe; 1% risk of failure)
Confirm with . or Enter, or press ? or * to list all spells.
You feel a surge of power!
The merfolk aquamancer is struck by an arc of lightning.
The merfolk aquamancer is moderately wounded.
You are struck by an arc of lightning.
* * * LOW HITPOINT WARNING * * *
The lightning grounds out.
The worldbinder is struck by an arc of lightning!
The worldbinder is severely damaged.
The merfolk aquamancer is struck by an arc of lightning.
The merfolk aquamancer is moderately wounded.
The lightning grounds out.
The worldbinder completely misses you. x2
The merfolk aquamancer gestures at you while chanting.
The shard of ice hits you!!! You partially resist.
You die...

#.©.#....≈....#.©.#.....#
#...#.8.§8≈.8.#...#.8...###
#.©.#...§§....#.©.#.....#8#
########§§§###########..###
.......#.§.#.........#..#
.....#.#...#..##.##..#..###
#...##.#####.##...##.#..#8#
##.##..#...#t#.m...#.#..###
..©....#©.©#...x@...©#..#
#####..#...#.#.....#.#..###
#...##.#####.##...##/#..#8#
.....#.#...#..##.##..#..###
..©....#.8.#....H....#..#
########...###########..###
........................#8#
.......................≈###
#########################


You could see a merfolk aquamancer (summoned), a snapping turtle (summoned,
fleeing), a manticore (summoned, fleeing) and a worldbinder.

Vanquished Creatures
  A two-headed ogre (D:9)
  A death scarab (Gauntlet)
  3 death yaks
  An efreet (D:9)
  Psyche (D:9)
  An unseen horror (D:6)
  A troll (D:9)
  Grinder (D:5)
  Sigmund (D:5)
  2 wraiths (D:10)
  14 yaks
  A fire bat (Gauntlet)
  A steam dragon (D:6)
  2 wargs (D:10)
  A spectral cane toad (Gauntlet)
  A water moccasin (D:7)
  2 ice beasts
  2 black bears
  An orc warrior (D:9)
  4 ogres
  2 boggarts (Gauntlet)
  2 centaurs
  2 phantoms (D:6)
  A kobold brigand (D:9)
  A necrophage (D:4)
  2 scorpions (D:6)
  4 bullfrogs
  A gnoll sergeant (D:7)
  6 killer bees
  A howler monkey (D:5)
  5 jellies
  Crazy Yiuf (D:5)
  9 orc priests
  5 hounds
  An iguana (D:5)
  18 orc wizards
  2 hell rats (D:8)
  4 gnolls (D:7)
  A river rat (D:8)
  3 adders
  A shadow imp (D:5)
  A white imp (D:6)
  2 ufetubi
  3 worms
  69 orcs
  2 ball pythons (D:3)
  A bat (D:2)
  12 endoplasms
  5 giant cockroaches
  5 goblins
  6 hobgoblins
  11 jackals
  4 quokkas
  3 frilled lizards
  14 kobolds
  2 rats
254 creatures vanquished.

Vanquished Creatures (others)
  An orc wizard (D:6)
  An orc (D:6)
  7 fungi
  A plant (D:9)
  7 toadstools (D:2)
  3 withered plants (Gauntlet)
20 creatures vanquished.

Grand Total: 274 creatures vanquished

Notes
Turn   | Place    | Note
-------+----------+-------------------------------------------
     0 | D:1      | EnegeticOcto the Vampire Air Elementalist began the quest
                  | for the Orb.
     0 | D:1      | Reached XP level 1. HP: 13/13 MP: 3/3
    66 | D:1      | Reached skill level 1 in Conjurations
   476 | D:1      | Reached XP level 2. HP: 19/19 MP: 0/5
  1033 | D:1      | Reached skill level 2 in Conjurations
  1193 | D:1      | Learned a level 2 spell: Static Discharge
  1337 | D:2      | Gained mutation: You are afflicted with vampirism and can
                  | become a bat while bloodless. [Vampire growth]
  1337 | D:2      | Reached XP level 3. HP: 24/24 MP: 1/6
  1530 | D:2      | Reached skill level 4 in Air Magic
  1530 | D:2      | Reached XP level 4. HP: 30/30 MP: 3/7
  1811 | D:2      | Found Xofissu's Assorted Antiques.
  1820 | D:2      | Bought a moonstone ring for 80 gold pieces
  1821 | D:2      | Bought a scroll labelled POSHRU HEDGH for 16 gold pieces
  2096 | D:2      | Bought a scroll of identify for 32 gold pieces
  2140 | D:3      | Found an opulent altar of Gozag.
  2212 | D:2      | Bought a scroll labelled YNIEMO MAZXEKK for 16 gold pieces
  2338 | D:3      | Found a faded altar of an unknown god.
  2420 | D:3      | Reached skill level 5 in Air Magic
  2420 | D:3      | Reached skill level 1 in Fighting
  2420 | D:3      | Reached XP level 5. HP: 23/37 MP: 8/8
  2471 | D:3      | Found a shimmering blue altar of Sif Muna.
  2615 | D:3      | Reached skill level 2 in Fighting
  3002 | D:4      | Reached XP level 6. HP: 29/44 MP: 9/9
  3017 | D:4      | Reached skill level 3 in Conjurations
  3721 | D:4      | Learned a level 3 spell: Swiftness
  3877 | D:5      | Entered Level 5 of the Dungeon
  3877 | D:5      | Noticed Grinder
  3877 | D:5      | Noticed an ice beast
  3931 | D:4      | Reached skill level 4 in Conjurations
  3959 | D:4      | Killed an ice beast
  3960 | D:4      | Reached skill level 3 in Spellcasting
  3960 | D:4      | Reached XP level 7. HP: 28/50 MP: 6/11
  4191 | D:5      | Found a bloodstained altar of Trog.
  4202 | D:5      | Reached skill level 4 in Spellcasting
  4227 | D:5      | Reached skill level 1 in Shields
  4337 | D:5      | Found a sacrificial altar of Ru.
  4339 | D:5      | Noticed Sigmund
  4360 | D:5      | Killed Sigmund
  4361 | D:5      | Reached skill level 3 in Shields
  4456 | D:5      | Learned a level 4 spell: Airstrike
  4550 | D:5      | Found Kufesa's Book Shop.
  4623 | D:5      | Found a runed translucent door.
  4624 | D:5      | Noticed Crazy Yiuf
  4803 | D:5      | Reached XP level 8. HP: 56/56 MP: 14/14
  4812 | D:5      | Killed Grinder
  4813 | D:5      | Reached skill level 4 in Shields
  4829 | D:5      | Reached skill level 6 in Air Magic
  5089 | D:5      | Killed Crazy Yiuf
  5149 | D:6      | Noticed an unseen horror
  5154 | D:6      | Killed an unseen horror
  5155 | D:6      | Reached skill level 7 in Air Magic
  5308 | D:6      | Reached skill level 8 in Air Magic
  5308 | D:6      | Reached skill level 1 in Transmutations
  5314 | D:6      | Learned a level 5 spell: Irradiate
  5374 | D:6      | Reached skill level 2 in Transmutations
  5381 | D:6      | Reached XP level 9. HP: 49/62 MP: 5/15
  5559 | D:6      | Reached skill level 3 in Transmutations
  5573 | D:6      | Reached skill level 3 in Fighting
  5785 | D:6      | Reached skill level 4 in Transmutations
  5828 | D:6      | Found a staircase to the Ecumenical Temple.
  5851 | Temple   | Entered the Ecumenical Temple
  5902 | Temple   | Became a worshipper of Qazlal Stormbringer
  6186 | D:6      | Found a basalt altar of Yredelemnul.
  6330 | D:6      | Found a sparkling altar of Nemelex Xobeh.
  6508 | D:7      | Reached skill level 4 in Fighting
  6839 | D:7      | Reached skill level 5 in Transmutations
  7076 | D:7      | Reached * piety under Qazlal
  7189 | D:7      | Found a hazy altar of Hepliaklqana.
  7189 | D:7      | Found an ancient bone altar of Kikubaaqudgha.
  7190 | D:7      | Found a shimmering altar of Xom.
  7193 | D:7      | Found an iron altar of Okawaru.
  7196 | D:7      | Reached skill level 5 in Fighting
  7667 | D:7      | Reached skill level 6 in Transmutations
  7999 | D:8      | Found a burning altar of Makhleb.
  8013 | D:8      | Identified the +5 mace of Subjectivity {freeze, Int+4 Dex-4
                  | Stlth+}
  8067 | D:8      | Found a runed translucent door.
  8073 | D:8      | Noticed Destapler's ghost (novice DrCj)
  8081 | D:8      | Noticed a death yak
  8081 | D:8      | Noticed a death yak
  8085 | D:8      | Noticed a death yak
  8091 | D:7      | Killed a death yak
  8092 | D:7      | Reached skill level 6 in Fighting
  8216 | D:8      | Reached skill level 7 in Transmutations
  8296 | D:7      | Killed a death yak
  8297 | D:7      | Reached XP level 10. HP: 21/77 MP: 10/16
  8592 | D:8      | Reached skill level 7 in Fighting
  8592 | D:8      | Reached skill level 8 in Transmutations
  8943 | D:8      | Found a radiant altar of Vehumet.
  9071 | D:8      | Found a blossoming altar of Fedhas.
  9231 | D:8      | Killed a death yak
  9232 | D:8      | Reached skill level 9 in Transmutations
  9321 | D:8      | Found a staircase to the Lair.
  9372 | D:8      | Found Rugef's General Store.
  9379 | D:8      | Bought 2 potions of haste for 260 gold pieces
  9379 | D:8      | Bought a potion of flight for 39 gold pieces
  9527 | D:2      | Bought an inky potion for 14 gold pieces
  9624 | D:3      | Found a snail-covered altar of Cheibriados.
  9755 | D:8      | Noticed an ice statue
  9862 | D:9      | Identified the ring of Veotac {rC+ EV+4 Str+5}
  9892 | D:9      | Found a hide-covered altar of Uskayaw.
 10007 | D:9      | Noticed a two-headed ogre
 10017 | D:9      | Killed a two-headed ogre
 10394 | D:9      | Reached skill level 8 in Fighting
 10399 | D:9      | Reached ** piety under Qazlal
 10623 | D:9      | Noticed Psyche
 10635 | D:9      | Killed Psyche
 10636 | D:9      | Reached XP level 11. HP: 86/86 MP: 15/17
 10852 | D:9      | Found a runed translucent gate.
 10852 | D:9      | Found a runed translucent gate.
 10852 | D:9      | Found a runed translucent gate.
 10854 | D:9      | Noticed astraldaughter's ghost (novice DrWn)
 11079 | D:10     | Entered Level 10 of the Dungeon
 11384 | D:10     | Found a staircase to the Orcish Mines.
 11565 | D:10     | Reached skill level 5 in Shields
 11565 | D:10     | Reached skill level 5 in Spellcasting
 12426 | Lair:1   | Entered Level 1 of the Lair of Beasts
 12468 | Lair:1   | Found a gate leading to a gauntlet.
 12477 | Gauntlet | Entered a Gauntlet
 12477 | Gauntlet | Noticed a blizzard demon
 12477 | Gauntlet | Noticed a fire crab
 12477 | Gauntlet | Found a transporter.
 12477 | Gauntlet | Found a transporter.
 12477 | Gauntlet | Found a transporter.
 12478 | Gauntlet | Found a transporter.
 12481 | Gauntlet | Found a transporter.
 12487 | Gauntlet | Noticed a death yak
 12488 | Gauntlet | Noticed a death yak
 12489 | Gauntlet | Noticed a death yak
 12489 | Gauntlet | Noticed a death yak
 12489 | Gauntlet | Noticed a death yak
 12490 | Gauntlet | Noticed a death yak
 12491 | Gauntlet | Found a transporter.
 12491 | Gauntlet | Noticed a necromancer
 12558 | Gauntlet | Found a transporter.
 12563 | Gauntlet | Noticed a death scarab
 12574 | Gauntlet | Found a transporter.
 12583 | Gauntlet | Found a transporter.
 12593 | Gauntlet | Found a transporter.
 12608 | Gauntlet | Found a transporter.
 12614 | Gauntlet | Found a transporter.
 12614 | Gauntlet | Noticed an oklob plant
 12794 | Gauntlet | Reached skill level 5 in Conjurations
 12794 | Gauntlet | Reached skill level 10 in Transmutations
 12839 | Gauntlet | Killed a death scarab
 12840 | Gauntlet | Reached skill level 6 in Spellcasting
 12843 | Gauntlet | Reached skill level 1 in Invocations
 12941 | Gauntlet | Noticed a merfolk aquamancer
 12946 | Gauntlet | Killed from afar by a merfolk aquamancer

Illustrated notes

Levels and vault maps discovered:
D:1:      dpeg_arrival_pits, layout_loops_ring, serial_bayou_lake_a
D:2:      cheibrodos_fertilizer, layout_basic, serial_shops,
          nicolae_shop_crystal
D:3:      layout_rooms, nicolae_overflow_hidden_temple, old_standard_altar,
          nicolae_sif_muna_condensation, hellmonk_ecumenical_altar_heavens_door
D:4:      layout_cave_pools
D:5:      layout_rooms, mainiacjoe_overflow_small_starburst, old_standard_altar,
          serial_shops, shop, minmay_fractal_squares_gapless_5,
          uniq_crazy_yiuf_cottage, uniq_sigmund, uniq_grinder
D:6:      layout_rooms, mainiacjoe_overflow_brackets,
          mainiacjoe_overflow_concentric_impassable,
          minmay_temple_entry_water_ring
D:7:      layout_basic, minitemple, skrybe_limestone_x
D:8:      lemuel_ice_statue, layout_loops_cross, amcnicky_altar_gilded,
          mainiacjoe_overflow_paths, mainiacjoe_overflow_alcove_4,
          dpeg_lair_monsters, serial_shops, shop, ebering_ghost_reflecting_pool,
          minmay_strange_pillars
D:9:      layout_irregular_city, eat_drink_and_be_merry_uskayaw,
          gammafunk_ghost_nasty_kobolds, small_chamber_with_monster, uniq_psyche
D:10:     layout_roguey, erik_orc_4
Temple:   hellmonk_temple_two_chambers
Lair:1:   layout_concentric_octagons, gauntlet_entry_generic,
          nzn_masters_of_martial_movement, lemuel_fruit_fields,
          infiniplex_staircase_pool_2, lemuel_fruit_tree, lemuel_fruit_fields
Gauntlet: gammafunk_gauntlet_shortcut [nicolae_gauntlet_arena_t_cross,
          gammafunk_gauntlet_arena_mazey, gammafunk_gauntlet_arena_teeth,
          gammafunk_gauntlet_arena_split_x,
          gammafunk_gauntlet_arena_split_diamond, gammafunk_gauntlet_arena_grid,
          dreamdust_gauntlet_exit_labyrinth]

Skill      XL: |  1  2  3  4  5  6  7  8  9 10 11 |
---------------+----------------------------------+-----
Conjurations   | 1 2 4 5 |  5.0
Air Magic      | 4 5 8 |  8.0
Fighting       | 1 2 6 8 |  8.0
Spellcasting   | 3 4 6 |  6.0
Shields        | 3 4 5 |  5.0
Transmutations | 2 7 9 10 | 10.0
Invocations    | 1 |  1.7
Dodging        | |  2.1
Stealth        | |  3.0

Action                   |  1- 3 |  4- 6 |  7- 9 | 10-12 || total
-------------------------+-------+-------+-------+-------++-------
Melee: Hand axe          |    21 |       |       |       ||    21
       Unarmed           |     3 |       |       |       ||     3
       Bite              |     2 |     5 |     3 |     2 ||    12
       Whip              |    12 |    51 |    20 |       ||    83
       Punch             |     1 |       |     1 |       ||     2
       Staff             |       |       |     4 |     6 ||    10
 Cast: Shock             |    42 |    69 |   146 |    28 ||   285
       Static Discharge  |       |    29 |    81 |    81 ||   191
       Swiftness         |       |     1 |       |     2 ||     3
       Airstrike         |       |       |       |    28 ||    28
Evoke: Wand              |       |       |       |     2 ||     2
  Use: Scroll            |       |     7 |     6 |     4 ||    17
Armor: Robe              |     8 |    25 |    23 |    16 ||    72
Dodge: Dodged            |    36 |    48 |    52 |    45 ||   181
Block: Buckler           |       |       |    21 |    23 ||    44

Table legend: (Time is in decaauts)
 A = Elapsed time spent in this place.
 B = Non-inter-level travel time spent in this place.
 C = Inter-level travel time spent in this place.
 D = Time resting spent in this place.
 E = Time spent auto-exploring this place.
 F = Levels seen in this place.
 G = Mean time per level.
                   A        B        C        D        E       F      G
               +--------+--------+--------+--------+--------+-----+--------+
         Total |  13011 |  12096 |    915 |    981 |   9130 |  13 | 1000.8 |
       Dungeon |  12431 |  11516 |    915 |    938 |   8861 |  10 | 1243.1 |
        Temple |     55 |     55 |      0 |      0 |     33 |   1 |   55.0 |
          Lair |     53 |     53 |      0 |      0 |      0 |   1 |   53.0 |
      Gauntlet |    470 |    470 |      0 |     43 |    236 |   1 |  470.0 |
               +--------+--------+--------+--------+--------+-----+--------+

Top non-repeatable levels by time:
     D:7: 1973 daAuts
     D:9: 1489 daAuts
     D:1: 1249 daAuts
     D:5: 1175 daAuts
     D:8: 1175 daAuts
     D:4: 1133 daAuts
     D:6: 1118 daAuts
     D:3: 1095 daAuts
    D:10: 1041 daAuts
     D:2: 978 daAuts
Gauntlet: 470 daAuts
  Temple: 55 daAuts
  Lair:1: 53 daAuts
